 Dungeon Crawl Stone Soup version 0.20-a0-540-ge6d1839 (webtiles) character file.

508833 Dharzhak the Hoplite (level 24, -28/237 HPs)
             Began as a Minotaur Fighter on Jan 30, 2017.
             Was an Initiate of Gozag.
             Annihilated by an acid blob (33 damage)
             ... created by the Royal Jelly
             ... on level 5 of the Pits of Slime on Jan 31, 2017.
             The game lasted 04:25:09 (63203 turns).

Dharzhak the Hoplite (Minotaur Fighter)            Turns: 63203, Time: 04:25:11

Health: -28/237    AC: 27    Str: 34      XL:     24   Next: 26%
Magic:  18/18      EV: 20    Int: 10 (11) God:    Gozag
Gold:   7186       SH: 23    Dex: 22 (23) Spells: 4/23 levels left

rFire    + . .     SeeInvis +   K - +9 broad axe (flame)
rCold    + . .     Gourm    .   a - +15 Maxwell's patent armour {-Cast -Tele rElec MR+ rCorr}
rNeg     . . .     Faith    .   y - +3 shield of Vexation {rPois Str+2 Dex+3 Stlth+}
rPois    +         Spirit   .   h - +3 crown of Dyrovepreva {rElec Int+2 SInv}
rElec    +         Reflect  .   S - +2 cloak {MR+}
rCorr    +         Harm     +   w - +2 pair of gloves {Dex+3}
MR       +++++     NoTele   +   J - +2 pair of boots {run}
Stlth    +......... NoCast   +  b - amulet "Weuwk" {Harm *Drain MR++ Str+3 Int+4}
Regen    0.5/turn               I - +3 ring of evasion
                                g - +3 ring of evasion

@: mighty, resistant, corroded, hasted, very quick
A: retaliatory headbutt, horns 2, clumsy 1, deterioration 1, low mp 2, magic
resistance 1
}: 2/15 runes: decaying, serpentine
a: Potion Petition, Call Merchant, Bribe Branch, Renounce Religion


You were on level 5 of the Pits of Slime.
You worshipped Gozag.
Gozag was greatly pleased with you.
You were not hungry.

You visited 8 branches of the dungeon, and saw 45 of its levels.
You also visited: Ice Cave.

You collected 26494 gold pieces.
You spent 8635 gold pieces at shops.
You paid 10673 gold pieces to Gozag.

Inventory:

Hand Weapons
 K - a +9 broad axe of flaming (weapon)
 U - the +6 broad axe "Vuitezoe" {drain, +Blink}
   (You bought it in a shop on level 13 of the Dungeon)

   A truly terrible weapon, it drains the life of those it strikes.
   It lets you blink.
 X - the +4 demon whip of Skirmishing {slash, +Blink Str+4}
   (You took it off a salamander on level 1 of the Depths)

   It inflicts extra damage upon your enemies.
   It affects your strength (+4).
   It lets you blink.
Missiles
 d - 48 tomahawks (quivered)
 u - 18 tomahawks of returning
 P - 11 tomahawks of dispersal
 T - 11 poisoned javelins
 V - 6 javelins of penetration
Armour
 a - the +15 Maxwell's patent armour (worn) {-Cast -Tele rElec MR+ rCorr}
   (You bought it in a shop on level 2 of the Orcish Mines)

   It insulates you from electricity.
   It affects your resistance to hostile enchantments.
   It prevents spellcasting.
   It prevents most forms of teleportation.
   It protects you from acid and corrosion.
 h - the +3 crown of Dyrovepreva (worn) {rElec Int+2 SInv}
   (You bought it in a shop on level 15 of the Dungeon)

   It affects your intelligence (+2).
   It insulates you from electricity.
   It lets you see invisible.
 w - a +2 pair of gloves of dexterity (worn)
 y - the +3 shield of Vexation (worn) {rPois Str+2 Dex+3 Stlth+}
   (You bought it in a shop on level 15 of the Dungeon)

   It affects your strength (+2).
   It affects your dexterity (+3).
   It protects you from poison.
   It makes you more stealthy.
 H - the +5 chain mail "Rudoefiy" {+Fly rPois}
   (You bought it in a shop on level 15 of the Dungeon)

   It protects you from poison.
   It lets you fly.
 J - a +2 pair of boots of running (worn)
 R - a +5 shield of fire resistance
 S - a +2 cloak of magic resistance (worn)
Jewellery
 b - the amulet "Weuwk" (around neck) {Harm *Drain MR++ Str+3 Int+4}
   (You bought it in a shop on level 15 of the Dungeon)

   [amulet of harm]

   It increases damage dealt and taken.
   It affects your strength (+3).
   It affects your intelligence (+4).
   It affects your resistance to hostile enchantments.
   It causes draining when unequipped.
 g - a +3 ring of evasion (left hand)
 x - the ring "Koca" {rF+ rC+}
   (You bought it in a shop on level 15 of the Dungeon)

   [ring of protection from fire]

   It protects you from fire.
   It protects you from cold.
 I - a +3 ring of evasion (right hand)
 Q - the ring of Wiegath {Fire rN+ Int+4 Stlth+}
   (You found it on level 1 of the Vaults)

   [ring of fire]

   It enhances your fire magic.
   It affects your intelligence (+4).
   It protects you from fire.
   It makes you vulnerable to cold.
   It protects you from negative energy.
   It makes you more stealthy.
Wands
 G - a wand of digging (10/24)
Scrolls
 e - 4 scrolls of silence
 f - a scroll of holy word
 i - 21 scrolls of teleportation
 l - 11 scrolls of recharging
 o - 6 scrolls of fog
 v - 5 scrolls of immolation
 z - 19 scrolls of remove curse
 B - 8 scrolls of magic mapping
 D - 7 scrolls of blinking
 E - a scroll of summoning
 F - 5 scrolls of fear
 Y - 7 scrolls of identify
Potions
 c - 2 potions of ambrosia
 k - 5 potions of might
 m - 2 potions of cancellation
 n - 11 potions of curing
 p - 3 potions of agility
 q - 2 potions of mutation
 r - 6 potions of flight
 s - 4 potions of berserk rage
 M - a potion of resistance
 N - 7 potions of brilliance
 O - a potion of magic
 Z - a potion of invisibility
Comestibles
 A - 5 royal jellies
 W - a meat ration


   Skills:
 + Level 23.9 Fighting
 + Level 25.0(25.4) Axes
 + Level 4.5(17.7) Maces & Flails
   Level 7.5(18.4) Polearms
 + Level 3.9 Throwing
 + Level 18.6 Armour
 + Level 6.7 Dodging
 + Level 7.0 Stealth
 + Level 26.1 Shields
 + Level 1.5 Evocations


You had 4 spell levels left.
You knew the following spells:

 Your Spells              Type           Power        Failure   Level  Hunger
a - Corona                Hex            #......      96%         1    ##.....
b - Slow                  Hex            #.......     99%         2    ###....
c - Cause Fear            Hex            #.........   100%        4    #####..
d - Metabolic Englaciati  Hex/Ice        #.........   100%        5    ######.
e - Regeneration          Chrm/Necr      #.........   100%        3    ####...
f - Swiftness             Chrm/Air       #.......     99%         2    ###....
g - Repel Missiles        Chrm/Air       #.....       99%         2    ###....


Dungeon Overview and Level Annotations

Branches:
Dungeon (15/15)            Temple (0/1) D:4            Lair (6/6) D:10
  Swamp (4/4) Lair:4        Snake (4/4) Lair:4        Slime (5/5) Lair:6
    Orc (2/2) D:11            Elf (0/3) Orc:2        Vaults (4/5) D:14
  Crypt (0/3) Vaults:2     Depths (5/5) D:15            Zot (0/5) Depths:5

Altars:
Dithmenos
Elyvilon
Fedhas
Gozag
Hepliaklqana
Nemelex Xobeh
Ru
Trog
Xom
Yredelemnul
Beogh

Shops:
D:10 :   D:13 **   D:15 [[[[==[*   Orc:2 [(?   Vaults:1 (   Vaults:2 [

Portals:
Hell: Depths:1 Depths:2 Depths:3 Depths:4 Depths:5
Abyss: Depths:4
Pandemonium: Depths:1 Depths:3 Depths:5
Ziggurat: Depths:3

Annotations:
Lair:3 exclusion: 4 oklob plants
Slime:5 Royal Jelly


Innate Abilities, Weirdness & Mutations

You reflexively headbutt those who attack you in melee.
You have a pair of horns on your head.
You are clumsy. (Dex -2)
Your body sometimes deteriorates upon taking damage.
Your magical capacity is very low. (-20% MP)
You are resistant to hostile enchantments. (MR+)


Message History

You feel protected.
You feel very mighty all of a sudden.
You feel yourself speed up. You block the acid blob's attack.
You block the azure jelly's attack. x2
The azure jelly hits you but does no damage.
The azure jelly completely misses you. The Royal Jelly completely misses you.
The Royal Jelly hits you but does no damage.
The acid blob misses you. You furiously retaliate!
You headbutt the acid blob. The azure jelly hits you.
* * * LOW HITPOINT WARNING * * *
The azure jelly freezes you!! You resist.
* * * LOW HITPOINT WARNING * * *
The azure jelly hits you but does no damage. x2
The azure jelly completely misses you.
The acid blob hits you but does no damage.
The acid blob spits acid at you. The splash of acid misses you.
The splash of acid hits the azure jelly.
The azure jelly completely resists.
The acid blob hits you!!
You die...
Your body crumbles into a pile of gold.

##### ## ####.#.## ##
#.### ##..#....####
##..#...###...........##
#.....JJJ...............
#....JJ@J...............
......JJJ...............
.......J................
..G.....................
........................
<.......................
........................
........................
...............


You could see the Royal Jelly, 5 acid blobs, 4 azure jellies and a great orb of
eyes.

Vanquished Creatures
  the Lernaean hydra (Swamp:4)
  The ghost of Beargit the Unseen, a veteran NaFE of Ashenzari (Snake:4)
  Vashnia (Snake:4)
  A caustic shrike (shapeshifter) (Depths:4)
  A golden dragon (Depths:5)
  Nikola (Swamp:4)
  Jorgrun (Swamp:3)
  4 liches
  A tentacled monstrosity (Depths:5)
  16 acid blobs
  A quicksilver dragon (Depths:4)
  2 thorn hunters
  4 sphinxes
  Donald (Snake:1)
  A draconian monk (Depths:5)
  A storm dragon (Vaults:4)
  Agnes (Snake:1)
  7 tengu reavers
  7 nagarajas
  A deep elf sorcerer (Depths:2)
  6 azure jellies
  3 iron dragons
  10 fire giants
  9 frost giants
  Aizul (Swamp:3)
  2 orc warlords
  2 ghost moths (Depths:4)
  5 vault wardens
  A draconian stormcaller (Depths:5)
  21 stone giants
  A spriggan defender (Depths:2)
  A reaper (Depths:5)
  13 ironheart preservers
  An entropy weaver (shapeshifter) (Vaults:4)
  4 entropy weavers
  4 vampire knights
  A deep elf demonologist (Vaults:2)
  38 very ugly things
  8 war gargoyles
  Nessos (D:12)
  A black draconian (Depths:5)
  Azrael (Snake:1)
  2 deep elf annihilators
  2 yellow draconians (Depths:5)
  A lorocyproca (Depths:4)
  8 spark wasps
  A purple draconian (Depths:5)
  A red draconian (Depths:5)
  An ettin (shapeshifter) (Depths:4)
  A minotaur (shapeshifter) (Depths:4)
  12 ettins
  5 crystal guardians
  Josephine (D:15)
  14 fire dragons
  A death ooze (Slime:3)
  2 jiangshi (Depths:1)
  15 yaktaur captains
  A great orb of eyes (shapeshifter) (Depths:4)
  Fannar (D:12)
  11 great orbs of eyes
  15 naga warriors
  26 hydras
  6 rakshasas
  4 spriggan air magi
  6 anacondas
  7 vault guards
  2 juggernaut simulacra (Depths:4)
  A monstrous demonspawn (Depths:5)
  2 death knights
  5 ghost crabs
  17 ice dragons
  13 alligators
  14 centaur warriors
  15 ogre magi
  39 two-headed ogres
  7 tengu warriors
  9 deep troll shamans
  Erica (D:8)
  14 deep troll earth magi
  3 vampire magi
  17 naga sharpshooters
  A titan zombie (Depths:2)
  3 orc high priests
  4 shock serpents
  5 spriggan berserkers
  3 iron trolls
  2 salamander mystics (Snake:4)
  A skeletal warrior (D:12)
  12 deep elf knights
  2 shadow wraiths (Vaults:1)
  22 deep trolls
  8 spriggan druids
  11 swamp dragons
  A flayed ghost (Vaults:3)
  6 naga ritualists
  A swamp dragon (shapeshifter) (Depths:5)
  5 glowing orange brains
  2 wizards (D:14)
  6 shambling mangroves
  12 deep elf archers
  14 ironbrand convokers
  7 mana vipers
  A lindwurm (shapeshifter) (Depths:4)
  2 harpies (Depths:5)
  12 orc knights
  19 deep elf magi
  5 necromancers
  A wolf spider (shapeshifter) (Depths:4)
  7 orc sorcerers
  9 wolf spiders
  64 ugly things
  4 oklob plants (Lair:3)
  A frost giant zombie (Depths:2)
  A faun (shapeshifter) (Depths:3)
  3 cyclopes
  5 shining eyes
  An elephant (shapeshifter) (Depths:2)
  13 salamanders
  14 elephants
  10 vault sentinels
  Joseph (D:7)
  An ice statue (IceCv)
  12 naga magi
  3 eyes of devastation
  41 black mambas
  A rust devil (Depths:5)
  20 spiny frogs
  A frost giant skeleton (Depths:2)
  3 guardian serpents
  5 spectral swamp worms (Depths:5)
  A storm dragon simulacrum (Vaults:4)
  5 rime drakes
  36 yaktaurs
  3 kobold demonologists (D:14)
  10 komodo dragons
  2 ice devils (Lair:3)
  14 trolls
  17 freezing wraiths
  11 tyrant leeches
  2 red devils (Depths:1)
  2 hellwings (Depths:5)
  19 hornets
  A tengu conjurer (D:15)
  A hornet (shapeshifter) (Depths:4)
  A queen bee (shapeshifter) (Vaults:1)
  A wolf spider simulacrum (IceCv)
  A troll (shapeshifter) (Depths:2)
  110 slime creatures
  A wind drake (shapeshifter) (Depths:2)
  9 hippogriffs
  9 bog bodies
  A human simulacrum (Vaults:4)
  29 blink frogs
  2 raiju (shapeshifter)
  A stone giant simulacrum (Vaults:4)
  A dream sheep (Lair:5)
  A redback (shapeshifter) (Vaults:2)
  A shadow (D:14)
  3 air elementals (Depths:2)
  6 redbacks
  11 spriggans
  A tarantella (Vaults:1)
  52 yaks
  4 golden eyes (Slime:1)
  A basilisk (shapeshifter) (Vaults:1)
  A wyvern (shapeshifter) (Depths:4)
  4 wyverns
  A hog (shapeshifter) (Vaults:2)
  10 wraiths
  4 water elementals (Depths:1)
  2 fire elementals (Snake:1)
  A golden eye (shapeshifter) (Vaults:4)
  A human (shapeshifter) (Depths:1)
  14 vampire mosquitoes
  18 humans (D:14)
  3 hungry ghosts
  A yaktaur simulacrum (Vaults:1)
  3 steam dragons (Lair:6)
  4 basilisks
  A swamp worm (shapeshifter) (D:10)
  21 swamp worms
  A death yak simulacrum (IceCv)
  A chaos spawn (Depths:5)
  52 nagas
  Edmund (D:5)
  7 wargs
  2 soldier ants (D:9)
  6 acid dragons
  24 water moccasins
  A hydra simulacrum (Depths:4)
  A deep troll skeleton (Vaults:4)
  A floating eye (Depths:2)
  3 hell hounds (Snake:1)
  11 porcupines
  13 swamp drakes
  3 black bears
  11 ice beasts
  48 orc warriors
  5 sky beasts
  5 eyes of draining
  2 necrophages
  5 phantoms
  A hornet zombie (D:15)
  4 wolves (Lair:5)
  A tengu (shapeshifter) (Depths:2)
  15 boggarts
  31 ogres
  39 centaurs
  23 crocodiles
  3 big kobolds
  A gnoll sergeant (D:9)
  The ghost of sand the Changer, an amateur VSTm (D:3)
  25 bullfrogs
  A wyvern skeleton (D:10)
  4 scorpions
  14 killer bees
  An electric eel (Lair:6)
  8 wights (D:9)
  5 howler monkeys
  13 crimson imps
  2 bullfrog zombies
  5 centaur zombies
  A quasit (Depths:5)
  Crazy Yiuf (D:2)
  2 draconian simulacra (IceCv)
  5 hounds
  5 jellies
  2 gnoll shamans
  29 orc priests
  8 centaur skeletons
  4 iron imps
  2 bullfrog skeletons
  Ijyb (D:2)
  Natasha (D:2)
  6 iguanas
  11 worker ants
  39 orc wizards
  2 polar bear simulacra (IceCv)
  6 troll simulacra (IceCv)
  Terence (D:2)
  A spriggan simulacrum (IceCv)
  3 centaur simulacra (IceCv)
  A hound skeleton (D:8)
  2 worker ant zombies (D:9)
  19 adders
  27 gnolls
  3 ogre simulacra (IceCv)
  5 naga simulacra (IceCv)
  4 shadow imps
  12 white imps
  An ufetubus (Depths:3)
  2 adder skeletons
  4 worms
  A leopard gecko (D:3)
  130 orcs
  8 giant cockroaches
  11 goblins
  9 hobgoblins
  6 jackals
  7 quokkas
  3 ball pythons
  5 bats
  5 frilled lizards
  2 jackal skeletons
  15 kobolds
  2 leopard gecko skeletons
  7 rats
  3 briar patches (Swamp:3)
  5 fungi
  5 plants
  A toadstool (Swamp:1)
2173 creatures vanquished.

Vanquished Creatures (collateral kills)
  A komodo dragon (Lair:4)
1 creature vanquished.

Vanquished Creatures (others)
  A dancing weapon (Depths:4)
  A swamp dragon (Swamp:4)
  An ugly thing (Depths:3)
  A bog body (Swamp:4)
  A hornet (Swamp:3)
  A naga (Snake:4)
  A boggart (Depths:1)
  A centaur (Depths:1)
  A bullfrog (shapeshifter) (Depths:3)
  A crimson imp (Depths:1)
  A white imp (IceCv)
  2 bushes (Swamp:4)
  17 fungi
  18 plants
  4 toadstools (Swamp:1)
52 creatures vanquished.

Grand Total: 2226 creatures vanquished

Notes
Turn   | Place    | Note
-------+----------+-------------------------------------------
     0 | D:1      | Dharzhak the Minotaur Fighter began the quest for the Orb.
     0 | D:1      | Reached XP level 1. HP: 19/19 MP: 0/0
    80 | D:1      | Reached skill level 4 in Shields
    93 | D:1      | Reached XP level 2. HP: 15/27 MP: 1/1
   521 | D:1      | You fall through a shaft!
   639 | D:2      | Noticed Ijyb
   641 | D:2      | Reached XP level 3. HP: 32/33 MP: 2/2
   786 | D:1      | Found a shimmering altar of Xom.
   943 | D:2      | Killed Ijyb
   943 | D:2      | Reached skill level 1 in Dodging
   981 | D:2      | Reached XP level 4. HP: 40/40 MP: 3/3
   990 | D:2      | Found an opulent altar of Gozag.
   998 | D:2      | Became a worshipper of Gozag Ym Sagoz the Greedy
  1098 | D:2      | Found a runed door.
  1377 | D:2      | Noticed Terence
  1379 | D:2      | Killed Terence
  1438 | D:2      | Found a blossoming altar of Fedhas.
  1533 | D:2      | Noticed Natasha
  1540 | D:2      | Killed Natasha
  1877 | D:3      | Reached XP level 5. HP: 43/46 MP: 4/4
  1989 | D:3      | Reached skill level 5 in Axes
  2083 | D:3      | Reached skill level 5 in Shields
  2353 | D:3      | Noticed sand's ghost (amateur VSTm)
  2359 | D:3      | Killed sand's ghost
  2359 | D:3      | Reached XP level 6. HP: 52/52 MP: 5/5
  2587 | D:3      | Found a faded altar of an unknown god.
  3071 | D:4      | Reached XP level 7. HP: 59/60 MP: 6/6
  3119 | D:4      | Found a staircase to the Ecumenical Temple.
  3538 | D:5      | Entered Level 5 of the Dungeon
  3538 | D:5      | Found a bloodstained altar of Trog.
  3541 | D:5      | Noticed Edmund
  3558 | D:5      | Killed Edmund
  3558 | D:5      | Reached skill level 5 in Fighting
  3787 | D:5      | Reached skill level 6 in Shields
  3869 | D:5      | Reached skill level 5 in Armour
  4073 | D:5      | Reached XP level 8. HP: 44/69 MP: 7/7
  4999 | D:6      | Reached skill level 7 in Shields
  5477 | D:6      | Reached XP level 9. HP: 78/78 MP: 8/8
  5693 | D:7      | Found a sacrificial altar of Ru.
  5703 | D:7      | Reached skill level 10 in Axes
  5709 | D:7      | Found a shadowy altar of Dithmenos.
  5748 | D:7      | Noticed Joseph
  5773 | D:7      | Killed Joseph
  6183 | D:7      | Found a hazy altar of Hepliaklqana.
  6306 | D:7      | You fall through a shaft for 2 floors!
  6459 | D:8      | Noticed Erica
  6464 | D:8      | Reached skill level 1 in Stealth
  6464 | D:8      | Reached skill level 8 in Shields
  6476 | D:8      | Killed Erica
  6476 | D:8      | Reached XP level 10. HP: 41/86 MP: 9/9
  6901 | D:8      | Noticed a two-headed ogre
  6915 | D:8      | Killed a two-headed ogre
  7023 | D:8      | Noticed a two-headed ogre
  7035 | D:8      | Killed a two-headed ogre
  7035 | D:8      | Reached skill level 9 in Shields
  7647 | D:7      | Found a basalt altar of Yredelemnul.
  8155 | D:8      | You fall through a shaft for 3 floors!
  8241 | D:11     | Noticed a two-headed ogre
  8250 | D:11     | Killed a two-headed ogre
  8523 | D:11     | Found a basalt altar of Yredelemnul.
  8549 | D:10     | Entered Level 10 of the Dungeon
  8616 | D:10     | Reached XP level 11. HP: 95/95 MP: 10/10
  8670 | D:9      | Found a sacrificial altar of Ru.
  9635 | D:9      | Reached skill level 10 in Shields
  9731 | D:9      | Noticed a two-headed ogre
  9740 | D:9      | Killed a two-headed ogre
 10078 | D:10     | Learned a level 1 spell: Corona
 10081 | D:10     | Learned a level 2 spell: Slow
 10086 | D:10     | Learned a level 4 spell: Cause Fear
 10147 | D:10     | Found a staircase to the Lair.
 10491 | D:10     | Found Nilawek's Book Emporium.
 10572 | D:10     | Noticed a tengu warrior
 10578 | D:10     | Noticed a sea snake
 10588 | D:10     | a sea snake changed into a swamp worm
 10591 | D:10     | Killed a tengu warrior
 11048 | D:11     | Noticed a two-headed ogre
 11058 | D:11     | Killed a two-headed ogre
 11100 | D:11     | Noticed a brown ugly thing
 11111 | D:11     | Killed a brown ugly thing
 11121 | D:11     | Found a staircase to the Orcish Mines.
 11211 | D:11     | Reached skill level 10 in Fighting
 11495 | D:11     | Noticed a death knight
 11507 | D:11     | HP: 3/99 [wraith[a death knight] (10)]
 11517 | D:11     | Killed a death knight
 11517 | D:11     | Reached skill level 11 in Shields
 11998 | D:11     | Reached XP level 12. HP: 104/106 MP: 11/11
 12002 | D:11     | Reached skill level 15 in Axes
 12151 | D:11     | Reached skill level 10 in Armour
 12577 | D:12     | Noticed Nessos
 12599 | D:12     | Killed Nessos
 12864 | D:12     | Noticed Fannar
 12897 | D:12     | Killed Fannar
 13731 | D:13     | Noticed a death knight
 14019 | Lair:1   | Entered Level 1 of the Lair of Beasts
 14699 | Lair:1   | Reached skill level 12 in Shields
 14760 | Lair:1   | Got a blackened flail {crush}
 14761 | Lair:1   | Identified the cursed +1 flail "Xoon" {crush, -Tele rElec rN+} (You took it off a centaur on level 1 of the Lair of Beasts)
 15052 | Lair:1   | Noticed a seven-headed hydra
 15061 | Lair:1   | Killed a seven-headed hydra
 15105 | Lair:1   | Reached skill level 1 in Maces & Flails
 15552 | Lair:2   | Reached XP level 13. HP: 116/116 MP: 12/12
 16456 | Lair:3   | Found a frozen archway.
 16503 | IceCv    | Entered an ice cave
 16898 | IceCv    | Found an ancient bone altar of Kikubaaqudgha.
 16906 | IceCv    | Reached skill level 13 in Shields
 17283 | IceCv    | Learned a level 5 spell: Metabolic Englaciation
 19008 | Lair:4   | Reached skill level 1 in Evocations
 19042 | Lair:4   | Reached skill level 1 in Polearms
 19413 | Lair:4   | Reached XP level 14. HP: 127/127 MP: 13/13
 19441 | Lair:4   | Reached skill level 1 in Throwing
 19703 | Lair:4   | Found a staircase to the Snake Pit.
 19892 | Lair:4   | Found a staircase to the Swamp.
 20653 | Lair:5   | Reached skill level 14 in Shields
 21142 | Lair:6   | Entered Level 6 of the Lair of Beasts
 21207 | Lair:6   | Found a staircase to the Slime Pits.
 21961 | Lair:6   | Got a steaming amber ring
 22155 | Lair:6   | Identified the ring "Geav" {+Blink rPois SInv} (You found it on level 6 of the Lair of Beasts)
 22803 | Orc:1    | Entered Level 1 of the Orcish Mines
 22981 | Orc:1    | Noticed an orc warlord
 23000 | Orc:1    | Killed an orc warlord
 23495 | Orc:1    | Found a roughly hewn altar of Beogh.
 23684 | Orc:1    | Reached XP level 15. HP: 138/138 MP: 14/14
 23689 | Orc:1    | Found a roughly hewn altar of Beogh.
 23969 | Orc:2    | Entered Level 2 of the Orcish Mines
 24127 | Orc:2    | Found a roughly hewn altar of Beogh.
 24159 | Orc:2    | Reached skill level 15 in Shields
 24218 | Orc:2    | Found Ynyv's Food Boutique.
 24227 | Orc:2    | Bought a bread ration for 60 gold pieces
 24227 | Orc:2    | Bought a meat ration for 60 gold pieces
 24227 | Orc:2    | Bought a meat ration for 60 gold pieces
 24227 | Orc:2    | Bought a royal jelly for 24 gold pieces
 24227 | Orc:2    | Bought a royal jelly for 24 gold pieces
 24227 | Orc:2    | Bought a meat ration for 60 gold pieces
 24227 | Orc:2    | Bought a bread ration for 60 gold pieces
 24227 | Orc:2    | Bought a bread ration for 60 gold pieces
 24227 | Orc:2    | Bought a bread ration for 60 gold pieces
 24227 | Orc:2    | Bought a bread ration for 60 gold pieces
 24679 | Orc:2    | Found a roughly hewn altar of Beogh.
 24710 | Orc:2    | Found a staircase to the Elven Halls.
 24766 | Orc:2    | Found a roughly hewn altar of Beogh.
 24767 | Orc:2    | Found Ifetuoss's Magic Scroll Shoppe.
 24801 | Orc:2    | Bought a scroll of identify for 30 gold pieces
 24801 | Orc:2    | Bought a scroll of identify for 30 gold pieces
 24801 | Orc:2    | Bought a scroll of identify for 30 gold pieces
 24801 | Orc:2    | Bought a scroll of enchant armour for 112 gold pieces
 24801 | Orc:2    | Bought a scroll of identify for 30 gold pieces
 24801 | Orc:2    | Bought a scroll of enchant weapon for 112 gold pieces
 24801 | Orc:2    | Bought a scroll of teleportation for 45 gold pieces
 24801 | Orc:2    | Bought a scroll of holy word for 112 gold pieces
 24801 | Orc:2    | Bought a scroll of blinking for 112 gold pieces
 24882 | Orc:2    | Found a roughly hewn altar of Beogh.
 24944 | Orc:2    | Found a roughly hewn altar of Beogh.
 25033 | Orc:2    | Noticed an orc warlord
 25041 | Orc:2    | Paralysed by an orc sorcerer for 2 turns
 25265 | Orc:2    | Killed an orc warlord
 25346 | Orc:2    | Found Pucyhy's Antique Weapon Shop.
 25350 | Orc:2    | Found a roughly hewn altar of Beogh.
 25356 | Orc:2    | Found Korar's Antique Armour Boutique.
 25444 | Orc:2    | Bought the +15 Maxwell's patent armour {-Cast -Tele rElec MR+ rCorr} for 2577 gold pieces
 25444 | Orc:2    | Bought a dazzling buckler for 228 gold pieces
 25462 | Orc:2    | Identified the +3 buckler "Yrufreuj" {rF+ rC+ Int+2} (You bought it in a shop on level 2 of the Orcish Mines)
 25929 | D:13     | Found Vuhip's General Store.
 25946 | D:13     | Bought a scroll of identify for 28 gold pieces
 25975 | D:13     | Found Haunisugg's General Store.
 26012 | D:13     | Bought a scroll of magic mapping for 52 gold pieces
 26012 | D:13     | Bought a potion of ambrosia for 120 gold pieces
 26012 | D:13     | Bought the +6 broad axe "Vuitezoe" {drain, +Blink} for 768 gold pieces
 26012 | D:13     | Bought a scroll of remove curse for 45 gold pieces
 26012 | D:13     | Bought a royal jelly for 30 gold pieces
 26012 | D:13     | Bought a royal jelly for 30 gold pieces
 26012 | D:13     | Bought a potion of curing for 45 gold pieces
 27284 | D:14     | Reached skill level 15 in Fighting
 27505 | D:14     | Found a gate to the Vaults.
 27517 | D:14     | Reached skill level 16 in Shields
 27858 | D:15     | Entered Level 15 of the Dungeon
 28222 | D:15     | Reached XP level 16. HP: 101/149 MP: 15/15
 28228 | D:15     | Reached skill level 5 in Dodging
 28499 | D:15     | Noticed Josephine
 28510 | D:15     | Killed Josephine
 28851 | D:15     | Found a staircase to the Depths.
 29415 | Swamp:1  | Entered Level 1 of the Swamp
 29437 | Swamp:1  | Noticed a thorn hunter
 29452 | Swamp:1  | Killed a thorn hunter
 29499 | Swamp:1  | Reached skill level 5 in Polearms
 30018 | Swamp:1  | Got a translucent ring mail
 30019 | Swamp:1  | Identified the +1 ring mail of Avalu {rCorr} (You found it on level 1 of the Swamp)
 31043 | Swamp:2  | Reached skill level 17 in Shields
 31586 | Swamp:3  | Noticed Aizul
 32078 | Swamp:3  | Killed Aizul
 32245 | Swamp:3  | Noticed a thorn hunter
 32256 | Swamp:3  | Killed a thorn hunter
 32421 | Swamp:3  | Noticed Jorgrun
 32475 | Swamp:4  | Entered Level 4 of the Swamp
 32485 | Swamp:4  | Noticed Nikola
 33291 | Swamp:3  | Killed Jorgrun
 33447 | Swamp:3  | Reached XP level 17. HP: 160/160 MP: 16/16
 34084 | Swamp:4  | Killed Nikola
 34343 | Swamp:3  | Reached skill level 18 in Shields
 35545 | Swamp:4  | Reached skill level 15 in Armour
 35623 | Swamp:4  | Got a decaying rune of Zot
 35636 | Swamp:4  | Noticed the 27-headed Lernaean hydra
 35651 | Swamp:4  | Killed the 27-headed Lernaean hydra
 36483 | D:15     | Bought the amulet "Weuwk" {Harm *Drain MR++ Str+3 Int+4} for 721 gold pieces
 36488 | D:15     | Bought the ring "Koca" {rF+ rC+} for 624 gold pieces
 36506 | D:15     | Bought the +5 chain mail "Rudoefiy" {+Fly rPois} for 599 gold pieces
 36860 | Snake:1  | Entered Level 1 of the Snake Pit
 37046 | Snake:1  | Found a sparkling altar of Nemelex Xobeh.
 37233 | Snake:1  | Noticed Azrael
 37256 | Snake:1  | Killed Azrael
 37284 | Snake:1  | Noticed Donald
 37309 | Snake:1  | Killed Donald
 37585 | Snake:1  | Noticed Agnes
 37592 | Snake:1  | Killed Agnes
 37915 | Snake:2  | Reached skill level 19 in Shields
 37948 | Snake:2  | Got a translucent cloak
 37949 | Snake:2  | Identified the cursed +0 cloak of Resilience {rElec rN++ rCorr Dex+2 Slay-4} (You found it on level 2 of the Snake Pit)
 38021 | Snake:2  | Reached XP level 18. HP: 170/170 MP: 17/17
 39702 | Snake:4  | Entered Level 4 of the Snake Pit
 39754 | Snake:4  | Found a sparkling altar of Nemelex Xobeh.
 40349 | Snake:4  | Noticed Beargit's ghost (veteran NaFE)
 40404 | Snake:4  | Killed Beargit's ghost
 40548 | Snake:4  | Reached skill level 20 in Shields
 41640 | Snake:4  | Noticed Vashnia
 41707 | Snake:4  | Killed Vashnia
 42013 | Snake:4  | Got a serpentine rune of Zot
 42575 | D:2      | Noticed Crazy Yiuf
 42579 | D:2      | Killed Crazy Yiuf
 42892 | Vaults:1 | Entered Level 1 of the Vaults
 42896 | Vaults:1 | Reached XP level 19. HP: 165/180 MP: 18/18
 43032 | Vaults:1 | Identified a scroll of acquirement
 43047 | Vaults:1 | Identified a +1 pair of boots of running (You acquired it on level 1 of the Vaults)
 44101 | Vaults:1 | Reached skill level 21 in Shields
 44290 | Vaults:1 | Got a scintillating amber ring
 44292 | Vaults:1 | Identified the ring of Wiegath {Fire rN+ Int+4 Stlth+} (You found it on level 1 of the Vaults)
 44407 | Vaults:1 | Found Douruost's Weapon Emporium.
 45180 | Vaults:2 | Reached skill level 5 in Stealth
 45288 | Vaults:2 | Found Pohon's Armour Emporium.
 45375 | Vaults:2 | Identified the +1 ring mail of Divine Intervention {rN+ Str+6} (You found it on level 2 of the Vaults)
 45391 | Vaults:2 | Found a staircase to the Crypt.
 46783 | Vaults:3 | Found a white marble altar of Elyvilon.
 46838 | Vaults:3 | Reached XP level 20. HP: 191/191 MP: 19/19
 47235 | Vaults:3 | Learned a level 3 spell: Regeneration
 47995 | Vaults:3 | Reached skill level 22 in Shields
 49985 | Vaults:4 | Reached XP level 21. HP: 202/202 MP: 20/20
 50270 | Depths:1 | Entered Level 1 of the Depths
 50676 | Depths:1 | Reached skill level 23 in Shields
 50813 | Depths:1 | Found a one-way gate leading to the halls of Pandemonium.
 51715 | Depths:1 | Got a bloodstained demon whip {slash}
 51716 | Depths:1 | Identified the +4 demon whip of Skirmishing {slash, +Blink Str+4} (You took it off a salamander on level 1 of the Depths)
 51769 | Depths:1 | Found a gateway to Hell.
 53357 | Depths:2 | Reached XP level 22. HP: 142/213 MP: 22/22
 53645 | Depths:2 | Learned a level 2 spell: Swiftness
 53697 | Depths:2 | Reached skill level 24 in Shields
 53747 | Depths:2 | Identified the cursed +1 broad axe of the Tent {protect, rC+ Int+4 Stlth+} (You took it off a deep elf sorcerer on level 2 of the Depths)
 54415 | Depths:3 | Found a gateway to a ziggurat.
 55123 | Depths:3 | Identified the cursed +1 ring mail "Zecvob" {rPois Str+2 Int+3} (You found it on level 3 of the Depths)
 56109 | Depths:4 | Noticed a caustic shrike
 56113 | Depths:4 | Killed a caustic shrike
 56698 | Depths:4 | Identified the Reference Book on Evil Flight
 56807 | Depths:4 | Reached XP level 23. HP: 223/224 MP: 23/23
 56989 | Depths:4 | Found a one-way gate to the infinite horrors of the Abyss.
 57033 | Depths:4 | Reached skill level 25 in Shields
 57658 | Depths:5 | Entered Level 5 of the Depths
 59136 | Depths:5 | Learned a level 2 spell: Repel Missiles
 59158 | Depths:5 | Got a coiled platinum ring
 59159 | Depths:5 | Identified the ring "Abuilet" {Fire Str+9 Int-5 Dex-5} (You found it on level 5 of the Depths)
 59739 | Depths:5 | Found a gate to the Realm of Zot.
 60509 | D:15     | Bought the +3 crown of Dyrovepreva {rElec Int+2 SInv} for 703 gold pieces
 60538 | D:15     | Bought the +3 shield of Vexation {rPois Str+2 Dex+3 Stlth+} for 924 gold pieces
 60897 | Slime:1  | Entered Level 1 of the Pits of Slime
 61834 | Slime:3  | Reached XP level 24. HP: 236/236 MP: 23/23
 61976 | Slime:3  | Reached skill level 26 in Shields
 62629 | Slime:5  | Entered Level 5 of the Pits of Slime
 62635 | Slime:5  | Gained mutation: Your body sometimes deteriorates upon taking damage. [a shining eye]
 62637 | Slime:5  | Gained mutation: Your spells are a little easier to cast, but a little less powerful. [a shining eye]
 62825 | Slime:5  | Gained mutation: Your magical capacity is low. (-10% MP) [a shining eye]
 62860 | Slime:5  | Lost mutation: Your spells are a little easier to cast, but a little less powerful. [a shining eye]
 63016 | Slime:5  | Gained mutation: You are clumsy. (Dex -2) [a shining eye]
 63175 | Slime:5  | Gained mutation: Your magical capacity is very low. (-20% MP) [a shining eye]
 63177 | Slime:5  | Gained mutation: You are resistant to hostile enchantments. (MR+) [a shining eye]
 63189 | Slime:5  | Noticed the Royal Jelly
 63201 | Slime:5  | HP: 11/237 [acid[the Royal Jelly] (3)]
 63202 | Slime:5  | HP: 4/237 [acid[the Royal Jelly] (7)]
 63203 | Slime:5  | Annihilated by an acid blob

Vault maps used:
D:1:      dpeg_arrival_solitude, xom_teletrap_fun
D:2:      marbit_many_paths, grunt_gozag_breadcrumbs, uniq_iyjb, uniq_natasha,
          uniq_terence, uniq_crazy_yiuf_cottage
D:3:      first_bread, chequers_ecumenical_altar_island, kennysheep_cross_room
D:4:      minmay_temple_entry_overgrown, serial_bayou_pond_d, dk_noncrumbling_3
D:5:      lemuel_crystal_altar, uniq_edmund
D:7:      nicolae_overflow_hidden_temple, lemuel_crystal_altar,
          yredelemnul_altar_generic, serial_glass, glass_columns_a,
          glass_columns_b, uniq_joseph
D:8:      uniq_erica
D:9:      basic_altar, hangedman_pestilent_swarm
D:10:     erik_lair_dragon, serial_shops, nicolae_shop_behind_doors,
          minmay_misc_feat_alley, minmay_gold_behind_fungi,
          lemuel_flamethrower_1
D:11:     orc_0_dummy, basic_altar
D:12:     uniq_fannar, uniq_nessos
D:13:     serial_shops, nicolae_shop_temple_entry_statues_fountains, shop,
          kennysheep_generic_room_10
D:14:     grunt_vaults_entry_tiered, minmay_misc_feat_columns,
          minmay_misc_feat_room
D:15:     hangedman_depths_entry_civil_slaughter, serial_park_gazebo,
          minmay_three_doors, uniq_josephine
Lair:3:   dpeg_oklob_gauntlet, portal_ice_cave_demonic_guard,
          minmay_lair_oklob_chamber, lemuel_fruit_fields, grunt_megastairs_2
Lair:4:   swamp_mist, minmay_snake_entry_six_corridors, wad_woods_road_03,
          minivault_11, st_stairs_12, beast_lair_carwin_8
Lair:5:   hangedman_lair_generics_rect
Lair:6:   guppyfry_lair_end_dragon, minmay_slime_entry_pillars,
          patterned_corridor, serial_bayou_shore_a, lemuel_fruit_tree,
          infiniplex_staircase_pool_2
Swamp:1:  cheibrodos_swamp_tower_of_moss, hangedman_swamp_diagram, swamp_pool3
Swamp:2:  serial_swamp_ruin, evilmike_swamp_ruin_house_3,
          evilmike_swamp_ruin_rubble_2
Swamp:3:  nicolae_swamp_feature_on_the_river_bank, uniq_aizul, uniq_jorgrun
Swamp:4:  grunt_swamp_rune_castle, uniq_nikola
Snake:1:  basic_altar, uniq_donald, uniq_agnes, uniq_azrael
Snake:3:  st_stairs_5, nicolae_snake_shapes, grunt_megastairs_3
Snake:4:  minmay_snake_end_coiled, basic_altar, uniq_vashnia
Slime:3:  cheibrodos_slime_lost_civilization_1
Orc:1:    basic_altar, nicolae_orc_pool_cavern, bh_open_orc_temple
Orc:2:    grunt_orc_community_town_hall, grunt_orc_community_big_house_1,
          grunt_orc_community_big_house_1, grunt_orc_community_house_2,
          grunt_orc_community_house_1, grunt_orc_community_house_3,
          grunt_orc_community_house_3
Vaults:1: nicolae_vaults_alarming, grunt_vaults_swirl, vaults_room_pool,
          nicolae_vaults_little_squares_3, vaults_dpeg_ring,
          dpeg_vaults_monster_box, vaults_dpeg_encased_lava,
          hangedman_vaults_impose, grunt_vaults_bifocal, v_pattern_1,
          vaults_room_guarded_vault, dpeg_vaults_monster_row, v_misc_11,
          nicolae_vaults_diagonal_hallway_6, vaults_dpeg_cross,
          nicolae_vaults_hallways_thing
Vaults:2: ontoclasm_vaults_shuriken, vaults_room_octagon,
          nicolae_vaults_disjoint_gnomons, vaults_mumra_bighexcomb,
          hangedman_vaults_nails, nicolae_vaults_specimen_jars, serial_shops,
          shop_coins
Vaults:3: v_misc_1, hangedman_vaults_maws, v_misc_8, v_misc_28,
          ontoclasm_vaults_loading_screen, vaults_standard_mumra_x,
          nicolae_vaults_angled_halls, grunt_vaults_hallway_short,
          ontoclasm_vaults_gateway, basic_altar
Vaults:4: ontoclasm_vaults_ring_large, v_alt_pattern_6, v_misc_33, st_diamondy,
          ontoclasm_vaults_bender, grunt_vaults_twisty, grunt_vaults_diagonal,
          hangedman_vaults_impose, serial_ice_b, hangedman_vaults_slice,
          grunt_vaults_funnel
Depths:1: minmay_two_paths, hangedman_abyss_or_decor_clamps, hellmouth_1,
          pan_entry, chequers_big_river, st_stairs_14,
          eino_small_chamber_without_monster, spider_trap,
          serial_sigils_hangedman_carve
Depths:2: minmay_expanding_squares, minmay_misc_feat_x, hell_entry, spider_trap,
          minmay_staircase_bubble, grunt_megastairs_4
Depths:3: minmay_chopped_fan, enter_ziggurat_e, abyss_entry,
          rand_demon_pan_entry_4, grunt_hell_entry_dis_mu
Depths:4: hangedman_crystal_crosses_colossus, hell_entry, abyss_entry
Depths:5: grunt_zot_entry_tricorne, pf_hell_entry_tar_river,
          grunt_pan_entry_sceptre, minmay_misc_feat_ornament, dk_noncrumbling_2,
          hangedman_aviary, serial_bayou_shore_b
IceCv:    ice_cave_small_necro

Skill      XL: |  1  2  3  4  5  6  7  8  9 10 11 12 13 14 15 16 17 18 19 20 21 22 23 24 |
---------------+-------------------------------------------------------------------------+-----
Shields        | 4 5 6 7 8 9 11 12 13 14 16 17 19 20 21 22 23 24 25 26 | 26.1
Axes           | 3 4 5 6 7 9 11 13 14 16 17 18 19 20 21 22 23 24 25 | 25.0
Armour         | 4 5 6 7 8 9 11 12 13 14 15 16 17 18 | 18.6
Dodging        | 1 2 3 4 5 6 |  6.7
Fighting       | 4 5 6 7 8 10 11 12 14 15 16 17 18 19 20 21 22 23 | 23.9
Stealth        | 1 2 3 4 5 6 7 |  7.0
Maces & Flails | 2 4 |  4.5
Evocations     | 1 |  1.5
Polearms       | 1 3 6 7 |  7.5
Throwing       | 1 2 3 |  3.9

Action                   |  1- 3 |  4- 6 |  7- 9 | 10-12 | 13-15 | 16-18 | 19-21 | 22-24 || total
-------------------------+-------+-------+-------+-------+-------+-------+-------+-------++-------
Melee: War axe           |    78 |   120 |   306 |   674 |  1020 |       |       |       ||  2198
       Headbutt          |    11 |    17 |    69 |   199 |   388 |   358 |   385 |   336 ||  1763
       Flail             |       |       |       |    15 |    11 |       |       |       ||    26
       Demon trident     |       |       |       |       |    33 |   153 |       |       ||   186
       Broad axe         |       |       |       |       |   237 |  1131 |  1135 |   916 ||  3419
       Demon whip        |       |       |       |       |       |       |     6 |       ||     6
Throw: Javelin           |       |     2 |       |     2 |     9 |       |       |       ||    13
       Tomahawk          |       |       |       |       |    19 |    38 |     4 |       ||    61
Invok: Potion Petition   |       |       |       |     2 |     2 |       |       |     2 ||     6
       Call Merchant     |       |       |       |       |       |     3 |       |     5 ||     8
Evoke: Wand              |       |       |       |       |    20 |       |     3 |       ||    23
  Use: Scroll            |       |     8 |     3 |    16 |    16 |     9 |     8 |     9 ||    69
       Potion            |       |     1 |     5 |     4 |     4 |     5 |     1 |     2 ||    22
 Stab: Distracted        |       |       |     2 |     2 |    12 |    13 |    13 |    18 ||    60
       Invisible         |       |       |       |       |       |     1 |       |       ||     1
  Eat: Bread ration      |       |     1 |     2 |     1 |     6 |     6 |     1 |     3 ||    20
       Fruit             |       |     1 |       |    10 |     5 |    12 |    10 |     3 ||    41
       Chunk             |       |     1 |       |       |       |       |       |       ||     1
       Royal jelly       |       |       |     2 |     2 |     3 |     1 |     8 |     3 ||    19
       Meat ration       |       |       |     1 |     2 |     1 |     2 |     1 |     1 ||     8
Armor: Scale mail        |    50 |    10 |       |       |       |       |       |       ||    60
       Chain mail        |       |    38 |   126 |    52 |    30 |       |       |       ||   246
       Plate armour      |       |       |       |   154 |   398 |   572 |   329 |   333 ||  1786
Dodge: Dodged            |    30 |    48 |   111 |   228 |   428 |   449 |   350 |   327 ||  1971
Block: Shield            |    49 |    69 |   153 |   394 |   901 |  1240 |  1012 |   852 ||  4670
